 Dungeon Crawl Stone Soup version 0.30.0-29-ga12c61a403 (webtiles) character file.

Game seed: 5006680356772872141

2 shadowstone the Caller (level 1, -4/7 HPs)
             Began as a Felid Summoner on June 11, 2023.
             Slain by a kobold
             ... wielding a +0 club
              (5 damage)
             ... on level 1 of the Dungeon.
             The game lasted 00:00:06 (37 turns).

shadowstone the Caller (Felid Summoner)               Turns: 37, Time: 00:00:07

Health: -4/7       AC:  1    Str:  4    XL:     1   Next: 25%
Magic:  4/4        EV: 17    Int: 16    God:
Gold:   0          SH:  0    Dex: 16    Spells: 3/4 levels left
                                        Lives:  0   Deaths: 0

rFire   . . .        (weapon unavailable)
rCold   . . .        (shield unavailable)
rNeg    . . .        (body armour unavailable)
rPois   .            (helmet unavailable)
rElec   .            (cloak unavailable)
rCorr   .            (gloves unavailable)
SInv    +            (boots unavailable)
Will    .....        (no amulet)
Stlth   ++           (no ring)
HPRegen 0.21/turn    (no ring)
MPRegen 0.09/turn

%: no passive effects
@: quick
A: very small, claws 1, fangs 3, see invisible, speed 1, shaggy fur 1, stealthy
paws, no weapons or thrown items, no armour, multi-lived
a: no special abilities


You were on level 1 of the Dungeon.
You visited 1 branch of the dungeon, and saw 1 of its levels.

Inventory:

Potions
 a - a potion of magic


   Skills:
 + Level 2.6 Dodging
 + Level 2.6 Stealth
 + Level 2.0 Spellcasting
 + Level 4.1 Summonings


You had 3 spell levels left.
You knew the following spells:

 Your Spells              Type           Power      Damage    Failure   Level
a - Summon Small Mammal   Summ           56%        N/A       3%          1

Your spell library contained the following spells:

 Spells                   Type           Power      Damage    Failure   Level
 Call Imp                 Summ           28%        N/A       6%          2
 Call Canine Familiar     Summ           14%        N/A       12%         3
 Summon Guardian Golem    Hex/Summ       8%         N/A       26%         3
 Summon Lightning Spire   Summ/Air       8%         N/A       65%         4


Dungeon Overview and Level Annotations

Branches:
Dungeon (1/15)

Altars:


Innate Abilities, Weirdness & Mutations

You have sharp claws.
You have razor-sharp teeth.
You have supernaturally acute eyesight. (SInv)
You cover ground quickly. (Speed+)
You are covered in fur. (AC +1)
Your paws help you pounce on unaware monsters.
You are incapable of wielding weapons or throwing items.
You cannot wear armour.
You gain extra lives every three experience levels.


Message History

Found 12 gold pieces.
A goblin comes into view. It is wielding a +0 club.
The goblin hits you with a +0 club.
Found 18 gold pieces.
The goblin closely misses you.
The kobold shouts!
The goblin shouts!
You scratch the goblin. Your bite misses the goblin.
The goblin is severely wounded.
You hear a shout!
A bat comes into view.
The goblin closely misses you.
You scratch the goblin.
You kill the goblin!
The bat hits you but does no damage.
You see here a +0 club.
You scratch the kobold but do no damage.
The bat hits you. The kobold hits you but does no damage.
The goblin hits you with a +0 club.
You closely miss the kobold. The bat closely misses you.
The kobold hits you but does no damage. The goblin misses you.
You scratch the kobold but do no damage.
The bat misses you. The kobold hits you with a +0 club.
The goblin barely misses you.
You miss the goblin. You bite the goblin.
The goblin is severely wounded.
The bat closely misses you. The kobold misses you.
The goblin barely misses you.
You scratch the goblin.
You kill the goblin!
The bat closely misses you. The kobold hits you with a +0 club.
* * * LOW HITPOINT WARNING * * *
You see here a +0 club.
Found a stone staircase leading down.
The bat hits you but does no damage. The kobold hits you with a +0 club.
* * * LOW HITPOINT WARNING * * *
A bat comes into view.
The bat barely misses you.
You miss the bat. The bat completely misses you. The bat closely misses you. x2
The kobold hits you with a +0 club.
Ouch! That really hurt!
You die...

.# #..# #.... .....
#.$# .....
.....#####..##.....
...................
...................
...................
........$..........
...$......K@b.#..
........))b........
#######.#.##.......
###### ####.#.#
.......
#....####....#.#
.......
......##.......#
...>...
..##..##..##.#.#
.......
<..#..##..##.#.#
.......
...#..##..##.#.#


You could see 2 bats and a kobold.

Vanquished Creatures
  2 goblins (D:1)
2 creatures vanquished.

Notes
Turn   | Place    | Note
-------+----------+-------------------------------------------
     0 | D:1      | shadowstone the Felid Summoner began the quest for the Orb.
     0 | D:1      | Reached XP level 1. HP: 7/7 MP: 4/4
    37 | D:1      | Slain by a kobold

Illustrated notes

Levels and vault maps discovered:
D:1:      minmay_arrival_wavy_path, layout_rooms,
          shapermc_ecumenical_altar_totnotflames, serial_shops, shop

Action                     || total
---------------------------++-------
  Melee: Unarmed           ||     8
         Bite              ||     1
 Armour: Skin              ||     4
  Dodge: Dodged            ||    14
